 Dungeon Crawl Stone Soup version 0.18.1-48-g4cf74bf (webtiles) character file.

645 Heedrag the Thaumaturge (level 7, -3/36 HPs)
             Began as a Deep Elf Conjurer on July 26, 2016.
             Killed by divine providence
             ... invoked by an orc priest
              (13 damage)
             ... on level 6 of the Dungeon.
             The game lasted 00:09:20 (4372 turns).

Heedrag the Thaumaturge (Deep Elf Conjurer)         Turns: 4372, Time: 00:09:21

Health: -3/36      AC:  3    Str:  7    XL:     7   Next: 27%
Magic:  5/22       EV: 13    Int: 20    God:
Gold:   216        SH:  0    Dex: 15    Spells: 4 memorised, 13 levels left

rFire  . . .     SeeInvis .     k - +0 short sword
rCold  . . .     Gourm    .     a - +0 robe
rNeg   . . .     Faith    .     (no shield)
rPois  .         Spirit   .     (no helmet)
rElec  .         Dismiss  .     (no cloak)
rCorr  .         Reflect  .     p - +0 pair of gloves
SustAt .         Harm     .     (no boots)
MR     .....                    (no amulet)
Stlth  ++........               (no ring)
                                (no ring)

@: very slightly contaminated, not resistant to hostile enchantments, unstealthy
A: no striking features
a: no special abilities


You were on level 6 of the Dungeon.
You were not hungry.

You visited 1 branch of the dungeon, and saw 6 of its levels.

You collected 216 gold pieces.

Inventory:

Hand Weapons
 k - a +0 short sword (weapon)
Armour
 a - a +0 robe (worn)
 p - a +0 pair of gloves (worn)
Jewellery
 D - the ring "Ommyc" {rElec rPois rC- Int+3 Slay+4, unknown}
   (You found it on level 5 of the Dungeon)

   [ring of poison resistance]

   It affects your intelligence (+3).
   It affects your accuracy and damage with ranged weapons and melee attacks
   (+4).
   It makes you vulnerable to cold.
   It insulates you from electricity.
   It protects you from poison.
Wands
 y - a wand of flame (31/48)
 z - a wand of slowing (24/48)
 B - a wand of flame (22/48)
Scrolls
 e - 4 scrolls of identify {unknown}
 g - a scroll of enchant armour {unknown}
 h - 5 scrolls of remove curse {unknown}
 i - 3 scrolls of teleportation {unknown}
 j - 2 scrolls of magic mapping {unknown}
 s - a scroll of noise {unknown}
 x - 3 scrolls of fear {unknown}
Potions
 f - 3 potions of curing {unknown}
 l - a potion of brilliance {unknown}
 m - a potion of cure mutation {unknown}
 n - a potion of heal wounds {unknown}
 q - 4 potions of berserk rage {unknown}
 r - a potion of might {unknown}
 t - a potion of agility {unknown}
 v - a potion of haste {unknown}
 w - a potion of degeneration {unknown}
 A - a potion of mutation {unknown}
 C - a potion of magic {unknown}
Books
 b - a book of Conjurations

   Spells                             Type                      Level
   a - Magic Dart                     Conjuration                  1
   b - Searing Ray                    Conjuration                  2
   c - Dazzling Spray                 Conjuration/Hexes            3
   d - Fulminant Prism                Conjuration/Hexes            4
   e - Iskenderun's Mystic Blast      Conjuration                  4
   f - Iskenderun's Battlesphere      Conjuration/Charms           5
Comestibles
 c - 6 bread rations
 d - 2 beef jerkies
 o - a slice of pizza
 u - a meat ration
 E - 5 fruits
 F - 3 chunks of flesh


   Skills:
 - Level 2.4 Dodging
 + Level 2.9 Stealth
 + Level 10.2 Spellcasting
 * Level 4.9 Conjurations


You had 13 spell levels left.
You knew the following spells:

 Your Spells              Type           Power        Failure   Level  Hunger
a - Magic Dart            Conj           ####         1%          1    None
b - Dazzling Spray        Conj/Hex       ###...       10%         3    None
c - Iskenderun's Mystic   Conj           ####....     10%         4    ##.....
d - Iskenderun's Battles  Conj/Chrm      ###.....     71%         5    ####...


Dungeon Overview and Level Annotations

Branches:
Dungeon (6/15)
 Temple: D:4-7

Altars:
Elyvilon
Fedhas
Gozag
Pakellas
Sif Muna
Trog
Zin
The Shining One


Message History

Aim: an orc, wieldin' a dagger an' wearin' a glowin' scale mail (severely wounded) Tha magic dart hits tha orc.
Ye kill tha orc!
Castin': Magic Dart Confirm wit' . or Enter, or press ? or * ta list all spells.
Aimin': Magic Dart
Press: ? - help, Shift-Dir - straight line, f - orc priest
Aim: an orc priest, wieldin' a club (severely wounded) Okay, than.
Castin': Magic Dart Confirm wit' . or Enter, or press ? or * ta list all spells.
Aimin': Dazzlin' Spray
Press: ? - help, Shift-Dir - straight line, f - orc priest
Aim: an orc priest, wieldin' a club (severely wounded) Tha spray o' energy hits tha orc priest.
Tha orc priest be almost dead.
Tha orc priest be dazzled.
Tha orc priest mumbles some strange prayers ta Beogh against ye.
Beogh smites ye!
Ye die...

#.# ...._#.#..# #.#
....##....# #.#
...8####..# #.# # #....#
#.## ##########.#
#######..######....# #.#
#...........o......# #.#
####.#####..#.#)##....#
##.##
o.o.รท#####.o.###@##.#.#
#...# ###.........##
##.....# #...#
...........#.###.##..##
#...#
####.########.#.####.#
#)### #.# ##.## #.# #.#
#.# #.# #.# #)# #.# #.#
#.#####)#####. #.# ##.##
#............. #.#
###...## ######..##.###


You could see an orc priest (blind).

Vanquished Creatures
  A phantom (D:5)
  A sky beast (D:6)
  A giant frog (D:4)
  A scorpion (D:5)
  A crimson imp (D:5)
  A hound (D:6)
  An orc priest (D:5)
  2 orc wizards (D:6)
  2 worker ants
  8 adders
  A shadow imp (D:5)
  2 dart slugs
  2 worms
  4 giant geckos
  8 orcs
  2 giant cockroaches
  4 hobgoblins
  2 jackals (D:2)
  2 quokkas (D:2)
  6 bats
  3 giant newts
  7 goblins
  11 kobolds
  A quokka skeleton (D:4)
  9 rats
83 creatures vanquished.

Notes
Turn   | Place    | Note
--------------------------------------------------------------
     0 | D:1      | Heedrag the Deep Elf Conjurer began the quest for the Orb.
     0 | D:1      | Reached XP level 1. HP: 10/10 MP: 6/6
    22 | D:1      | Noticed a giant frog
   860 | D:2      | Reached XP level 2. HP: 15/15 MP: 6/8
   863 | D:2      | Reached skill level 4 in Spellcasting
   974 | D:2      | Reached XP level 3. HP: 18/19 MP: 8/11
   979 | D:2      | Learned a level 3 spell: Dazzling Spray
   993 | D:2      | Reached skill level 5 in Spellcasting
  1218 | D:2      | Reached XP level 4. HP: 24/24 MP: 7/13
  1434 | D:2      | Reached skill level 6 in Spellcasting
  1876 | D:3      | Found a blossoming altar of Fedhas.
  1982 | D:3      | Found an oddly glowing altar of Pakellas.
  2066 | D:3      | Found a bloodstained altar of Trog.
  2226 | D:3      | Found an opulent altar of Gozag.
  2529 | D:4      | Found a glowing silver altar of Zin.
  2529 | D:4      | Found a glowing golden altar of the Shining One.
  2532 | D:4      | Found a white marble altar of Elyvilon.
  2712 | D:4      | Noticed a giant frog
  2717 | D:4      | Killed a giant frog
  2717 | D:4      | Reached skill level 7 in Spellcasting
  2717 | D:4      | Reached XP level 5. HP: 11/28 MP: 7/16
  2804 | D:4      | Learned a level 4 spell: Iskenderun's Mystic Blast
  2810 | D:4      | Learned a level 5 spell: Iskenderun's Battlesphere
  3267 | D:5      | Entered Level 5 of the Dungeon
  3270 | D:5      | Noticed a phantom
  3419 | D:5      | Reached skill level 8 in Spellcasting
  3472 | D:5      | Reached XP level 6. HP: 28/32 MP: 13/19
  3523 | D:5      | Reached skill level 9 in Spellcasting
  3630 | D:5      | Got a steaming ivory ring
  4040 | D:6      | Found a deep blue altar of Sif Muna.
  4066 | D:6      | Reached skill level 10 in Spellcasting
  4066 | D:6      | Reached XP level 7. HP: 28/36 MP: 7/22
  4372 | D:6      | Killed from afar by an orc priest

Skill      XL: |  1  2  3  4  5  6 |
---------------+-------------------+-----
Spellcasting   | 4 5 7 8 10 | 10.2
Dodging        | |  2.4
Stealth        | |  2.9
Conjurations   | |  4.9

Action                   |  1- 3 |  4- 6 |  7- 9 || total
-------------------------+-------+-------+-------++-------
Melee: Short sword       |       |    37 |       ||    37
 Cast: Magic Dart        |    46 |   148 |    21 ||   215
       Dazzling Spray    |       |     6 |    10 ||    16
  Eat: Chunk             |     1 |     8 |     1 ||    10
Armor: Robe              |       |     5 |     1 ||     6
Dodge: Dodged            |     6 |    18 |     3 ||    27
